 Dungeon Crawl Stone Soup version 0.24.0-29-g8ce449bc06 (webtiles) character file.

Game seed: 1871041097002439139, levelgen mode: deterministic

452 Flugslaktarn the Chopper (level 6, -2/56 HPs)
             Began as a Minotaur Fighter on Nov 16, 2019.
             Was a Follower of Makhleb.
             Slain by Pikel
             ... wielding a +0 whip of freezing
              (6 damage)
             ... on level 4 of the Dungeon.
             The game lasted 00:01:29 (2732 turns).

Flugslaktarn the Chopper (Minotaur Fighter)         Turns: 2732, Time: 00:01:30

Health: -2/56      AC:  7    Str: 22    XL:     6   Next: 75%
Magic:  6/6        EV:  7    Int:  5    God:    Makhleb [*.....]
Gold:   100        SH: 10    Dex: 10    Spells: 5/5 levels left

rFire    . . .     SeeInvis +   a - +0 war axe
rCold    . . .     Gourm    .   c - +0 shield
rNeg     . . .     Faith    .   b - +0 scale mail
rPois    .         Spirit   .   (helmet restricted)
rElec    .         Reflect  .   (no cloak)
rCorr    .         Harm     .   (no gloves)
MR       .....                  (no boots)
Stlth    ..........             (no amulet)
HPRegen  0.18/turn              i - ring of see invisible
MPRegen  0.10/turn              (no ring)

@: no status effects
A: retaliatory headbutt, horns 2
a: Renounce Religion


You were on level 4 of the Dungeon.
You worshipped Makhleb.
Makhleb was aware of your devotion.
You were not hungry.

You visited 1 branch of the dungeon, and saw 4 of its levels.

You collected 100 gold pieces.

Inventory:

Hand Weapons
 a - a +0 war axe (weapon)
Armour
 b - a +0 scale mail (worn)
 c - a +0 shield (worn)
Jewellery
 g - an uncursed amulet of regeneration {unknown}
   (You found it on level 1 of the Dungeon)
 i - a ring of see invisible (left hand)
   (You found it on level 2 of the Dungeon)
Scrolls
 f - 6 scrolls of identify {unknown}
 j - 2 scrolls of blinking {unknown}
 k - a scroll of random uselessness {unknown}
 m - 2 scrolls of teleportation {unknown}
 s - a scroll of enchant armour {unknown}
 t - a scroll of enchant weapon {unknown}
 w - a scroll of remove curse {unknown}
Potions
 d - a potion of might
 l - 2 potions of mutation {unknown}
 n - a potion of berserk rage {unknown}
 o - 2 potions of ambrosia {unknown}
 p - a potion of brilliance {unknown}
 q - 4 potions of lignification {unknown}
 r - a potion of heal wounds {unknown}
 u - a potion of haste {unknown}
 v - a potion of flight {unknown}
Comestibles
 e - 9 rations
 h - 3 chunks of flesh


   Skills:
 + Level 5.0 Fighting
 * Level 5.5 Axes
 + Level 5.0 Armour
 + Level 5.0 Shields
 + Level 2.1 Invocations


You had 5 spell levels left.
You didn't know any spells.
Your spell library was empty.

Dungeon Overview and Level Annotations

Branches:
Dungeon (4/15)
 Temple: D:4-7

Altars:
Elyvilon
Makhleb
Ru
Wu Jian

Annotations:
D:4 Pikel


Innate Abilities, Weirdness & Mutations

You reflexively headbutt those who attack you in melee.
You have a pair of horns on your head.


Message History

You completely miss Pikel.
Pikel is moderately wounded.
Pikel hits you with a +0 whip of freezing.
* * * LOW HITPOINT WARNING * * *
Pikel freezes you.
* * * LOW HITPOINT WARNING * * *
Pikel barely misses you.
Your shield prevents you from hitting Pikel.
Pikel is moderately wounded.
Pikel barely misses you.
You hit Pikel. You headbutt Pikel.
Pikel is heavily wounded.
Pikel hits you with a +0 whip of freezing.
* * * LOW HITPOINT WARNING * * *
Pikel freezes you.
* * * LOW HITPOINT WARNING * * *
You hit Pikel. Your headbutt misses Pikel.
Pikel is severely wounded.
Pikel hits you with a +0 whip of freezing.
You die...

.# #.# #.# # ####.#
#.##....# ......#
#†<..#
#.###.#.###########
......>......ppK@.#
......##.########.#
#.#......# #.### #
#....... ###...##
#......## #...#..#
#.............#....#
........#....#.#.#..#
###.....##..
.###..###
####..#######.##...#


You could see Pikel and 2 slaves.

Vanquished Creatures
  2 phantoms (D:4)
  An ogre (D:4)
  A slave (D:4)
  A hound (D:4)
  An iguana (D:4)
  A worker ant (D:4)
  Robin (D:4)
  2 adders
  An ooze (D:3)
  2 worms (D:2)
  A dart slug (D:1)
  3 leopard geckos
  An orc (D:3)
  4 bats
  4 giant cockroaches
  12 goblins
  11 hobgoblins
  2 jackals (D:4)
  5 kobolds
  2 quokkas (D:3)
  3 frilled lizards
  A jackal skeleton (D:4)
  9 rats
71 creatures vanquished.

Notes
Turn   | Place    | Note
-------+----------+-------------------------------------------
     0 | D:1      | Flugslaktarn the Minotaur Fighter began the quest for the
                  | Orb.
     0 | D:1      | Reached XP level 1. HP: 19/19 MP: 0/0
   148 | D:1      | Reached XP level 2. HP: 24/27 MP: 1/1
  1034 | D:2      | Reached XP level 3. HP: 33/33 MP: 2/2
  1499 | D:3      | Found an ornate altar of the Wu Jian Council.
  1531 | D:3      | Found a sacrificial altar of Ru.
  1652 | D:3      | Found a burning altar of Makhleb.
  1706 | D:3      | Reached XP level 4. HP: 40/40 MP: 3/3
  1759 | D:3      | Became a worshipper of Makhleb the Destroyer
  1928 | D:3      | Found a white marble altar of Elyvilon.
  2008 | D:4      | Noticed Robin
  2028 | D:4      | Killed Robin
  2086 | D:4      | Noticed a phantom
  2354 | D:4      | Killed a phantom
  2354 | D:4      | Reached skill level 1 in Invocations
  2354 | D:4      | Reached XP level 5. HP: 29/47 MP: 4/4
  2549 | D:4      | Noticed a phantom
  2558 | D:4      | Killed a phantom
  2558 | D:4      | Reached skill level 5 in Axes
  2558 | D:4      | Reached XP level 6. HP: 45/53 MP: 4/6
  2655 | D:4      | Reached skill level 5 in Fighting
  2655 | D:4      | Reached skill level 5 in Shields
  2661 | D:4      | Reached skill level 5 in Armour
  2692 | D:4      | Noticed a slave
  2703 | D:4      | Noticed Pikel
  2705 | D:4      | Killed a slave
  2706 | D:4      | Noticed a slave
  2708 | D:4      | Noticed a slave
  2724 | D:4      | Reached * piety under Makhleb
  2732 | D:4      | Slain by Pikel

Levels and vault maps discovered:
D:1:      psy_arrival_whirlpool, layout_loops_corners, minivault_5
D:2:      layout_rooms, nicolae_overflow_hidden_temple, first_ration
D:3:      layout_rooms, lemuel_round_altar, nicolae_ru_sacrificial_ziggurat,
          overflow_temple_1_default, lemuel_round_altar
D:4:      layout_loops_ring, portal_sewer_entry_e, minmay_manual_monstrance,
          uniq_pikel, uniq_robin

Skill      XL: |  1  2  3  4  5  6 |
---------------+-------------------+-----
Axes           | 3 4 5 |  5.5
Fighting       | 4 5 |  5.0
Armour         | 4 5 |  5.0
Shields        | 4 5 |  5.0
Invocations    | 1 2 |  2.1

Action                   |  1- 3 |  4- 6 || total
-------------------------+-------+-------++-------
Melee: War axe           |    90 |   109 ||   199
       Headbutt          |    15 |    17 ||    32
  Eat: Chunk             |     3 |     3 ||     6
Armor: Scale mail        |    31 |    42 ||    73
Dodge: Dodged            |    24 |    31 ||    55
Block: Shield            |    47 |    43 ||    90
